 Dungeon Crawl Stone Soup version 0.23.1 (webtiles) character file.

Game seed: 0

1710 vladvlad the Summoner (level 8, -8/57 HPs)
             Began as a Pale Draconian Summoner on Mar 1, 2019.
             Was an Initiate of Vehumet.
             Killed from afar by Harold (16 damage)
             ... with a harpoon shot
             ... on level 7 of the Dungeon.
             The game lasted 02:32:06 (11569 turns).

vladvlad the Summoner (Pale Draconian Summoner)    Turns: 11569, Time: 02:32:07

Health: -8/57      AC:  8    Str: 11    XL:     8   Next: 74%
Magic:  3/19       EV: 12    Int: 18    God:    Vehumet [......]
Gold:   445        SH:  0    Dex: 11    Spells: 9/22 levels left

rFire    . . .     SeeInvis .   k - +0 trident
rCold    . . .     Gourm    .   (no shield)
rNeg     . . .     Faith    .   (armour unavailable)
rPois    .         Spirit   .   (helmet restricted)
rElec    .         Reflect  .   r - +1 cloak
rCorr    .         Harm     .   (no gloves)
MR       .....                  (no boots)
Stlth    +++.......             (no amulet)
HPRegen  0.19/turn              g - ring of stealth
MPRegen  0.16/turn              (no ring)

@: marked, lightly drained
A: breathe steam, unfitting armour, cold-blooded, AC +6
a: Breathe Steam, Renounce Religion


You were on level 7 of the Dungeon.
You worshipped Vehumet.
Vehumet was noncommittal.
You were hungry.

You visited 2 branches of the dungeon, and saw 9 of its levels.

You collected 445 gold pieces.

Inventory:

Hand Weapons
 k - a +0 trident (weapon)
Armour
 r - a +1 cloak (worn)
Magical Staves
 p - an uncursed staff of cold
Jewellery
 g - a ring of stealth (left hand)
Wands
 t - a wand of paralysis (2)
 y - a wand of disintegration (14)
 B - a wand of flame (17)
Scrolls
 a - a scroll of enchant armour
 c - 5 scrolls of teleportation
 i - a scroll of identify
 l - 7 scrolls of remove curse
 n - a scroll of fear
 s - a scroll of fog {unknown}
 x - a scroll of immolation {unknown}
Potions
 d - a potion of degeneration
 e - a potion of resistance
 f - a potion of berserk rage
 h - a potion of cancellation
 j - 2 potions of brilliance {unknown}
 m - 2 potions of heal wounds
 o - 3 potions of flight
 q - a potion of invisibility
 u - 2 potions of haste {unknown}
 v - a potion of agility
 w - 2 potions of curing
 z - a potion of might
Comestibles
 b - 8 rations


   Skills:
 - Level 1.7(1.6) Dodging
 - Level 1.7(1.6) Stealth
 + Level 7.5(7.3) Spellcasting
 + Level 9.0(8.8) Summonings


You had 9 spell levels left.
You knew the following spells:

 Your Spells              Type           Power        Failure   Level  Hunger
a - Summon Small Mammal   Summ           ####         1%          1    None
b - Call Imp              Summ           #####...     1%          2    None
c - Call Canine Familiar  Summ           #####...     1%          3    #......
d - Summon Guardian Gole  Hex/Summ       ###.....     4%          3    #......
e - Summon Ice Beast      Ice/Summ       ###.....     17%         4    ###....

Your spell library contained the following spells:

 Spells                   Type           Power        Failure   Level  Hunger
 Summon Lightning Spire   Summ/Air       ###.....     17%         4    ###....


Dungeon Overview and Level Annotations

Branches:
Dungeon (8/15)             Temple (1/1) D:7
   Lair: D:8-11

Altars:
Ashenzari
Cheibriados
Dithmenos
Elyvilon
Fedhas
Gozag
Hepliaklqana
Kikubaaqudgha
Makhleb
Nemelex Xobeh
Okawaru
Qazlal
Sif Muna
Trog
Vehumet
Wu Jian
Xom
Yredelemnul
Zin
The Shining One

Annotations:
D:7 Harold
D:8 Grum


Innate Abilities, Weirdness & Mutations

You can breathe blasts of scalding, opaque steam.
Your pale cyan-grey scales are hard. (AC +6)
You cannot fit into any form of body armour.
You are cold-blooded and may be slowed by cold attacks.


Message History

Casting: Summon Ice Beast (slightly dangerous; 17% risk of failure)
Confirm with . or Enter, or press ? or * to list all spells.
Harold hits you with a +0 dire flail!!
* * * LOW HITPOINT WARNING * * *
Your wolf bites Harold.
Harold says happily, "The price on your head will fill my nest egg nicely!"
Your wolf bites Harold.
There is a stone staircase leading up, spattered with blood here.
You can't go down here!
Your wolf bites Harold but does no damage.
Harold closely misses you.
You climb upwards.
There is a stone staircase leading down here.
Harold points at you and mumbles some strange words.
The mark upon you grows brighter. Harold gestures at you while chanting.
The mark upon you grows brighter. Harold gestures at you while chanting.
The harpoon shot hits you!
You die...

#.#.)########.###h#
#.............).#.#
#.#.#.#######.#.#.###### #####
#.............#.#..h...###....
#.#.#.#########.######.#.#.###
#.[...#.##### #.# #.#.#.#..
#.....#.....###.# #.#...#.#
##.#..#.#.@...#.# #.#.###.#
#..#......###@#.######.......#
####.##......#≈#.................
.............###.............#...
.###.#.....#.....................
.#...#.....'..............)......
.#.###.....####.>................
h#.# #.....####..................
.#.###.........###'###...........
.#..........>..# #.###.##.....#+#


You could see Harold.

Vanquished Creatures
  A steam dragon (D:8)
  A centaur (D:5)
  A bullfrog (D:7)
  A howler monkey (D:2)
  An orc priest (D:5)
  An orc wizard (D:4)
  Natasha (D:3)
  2 worker ants
  A worker ant zombie (D:5)
  A gnoll (D:1)
  An adder skeleton (D:4)
  A dart slug (D:2)
  6 orcs
  4 goblins
  4 hobgoblins
  2 jackals (D:3)
  4 quokkas
  4 bats
  3 frilled lizards
  A kobold (D:2)
  3 rats
  4 plants (D:6)
48 creatures vanquished.

Vanquished Creatures (collateral kills)
  Grinder (D:5)
  Duvessa (D:7)
  2 orc warriors
  A sky beast (D:7)
  4 ogres
  Purgy (D:3)
  A phantom (D:6)
  A big kobold (D:6)
  A bullfrog (D:8)
  Dowan (D:7)
  A scorpion (D:7)
  5 wights (D:6)
  A crimson imp (D:5)
  3 howler monkeys
  2 jellies
  A hound (D:6)
  A quasit (D:7)
  3 orc priests
  2 bullfrog skeletons
  Ijyb (D:5)
  An iguana (D:7)
  3 orc wizards
  Natasha (D:3)
  3 worker ants
  2 killer bee zombies (D:6)
  A hound skeleton (D:8)
  A howler monkey zombie (D:5)
  2 howler monkey skeletons
  5 adders
  A shadow imp (D:6)
  An ooze (D:4)
  3 adder skeletons
  2 worms
  2 dart slugs
  2 leopard geckos
  22 orcs
  A ball python (D:5)
  3 bats
  2 giant cockroaches (D:2)
  9 hobgoblins
  3 jackals
  4 frilled lizards
  6 goblins
  A jackal skeleton (D:6)
  A jackal zombie (D:6)
  23 kobolds
  6 rats
145 creatures vanquished.

Grand Total: 193 creatures vanquished

Notes
Turn   | Place    | Note
-------+----------+-------------------------------------------
     0 | D:1      | vladvlad the Draconian Summoner began the quest for the
                  | Orb.
     0 | D:1      | Reached XP level 1. HP: 14/14 MP: 3/3
   400 | D:1      | Reached XP level 2. HP: 20/20 MP: 3/5
   407 | D:1      | Learned a level 2 spell: Call Imp
  1455 | D:2      | Reached XP level 3. HP: 25/26 MP: 4/7
  1460 | D:2      | Learned a level 3 spell: Call Canine Familiar
  1791 | D:2      | Found a faded altar of an unknown god.
  1981 | D:2      | Reached XP level 4. HP: 21/33 MP: 4/8
  2400 | D:2      | Learned a level 3 spell: Summon Guardian Golem
  2421 | D:3      | Found a snail-covered altar of Cheibriados.
  2432 | D:3      | Reached skill level 5 in Summonings
  2886 | D:3      | Found a glowing silver altar of Zin.
  3186 | D:3      | Found an ornate altar of the Wu Jian Council.
  3237 | D:3      | Noticed Natasha
  3244 | D:3      | Killed Natasha
  3244 | D:3      | Reached XP level 5. HP: 37/38 MP: 6/10
  3660 | D:3      | Noticed Natasha
  3685 | D:3      | Killed Natasha
  3862 | D:3      | Noticed Purgy
  3874 | D:3      | Killed Purgy
  4505 | D:4      | Reached XP level 6. HP: 45/45 MP: 9/12
  4634 | D:5      | Entered Level 5 of the Dungeon
  4675 | D:5      | Found a shadowy altar of Dithmenos.
  4697 | D:5      | Noticed an orc warrior
  5361 | D:5      | Reached skill level 6 in Summonings
  5534 | D:5      | Noticed Grinder
  5558 | D:5      | Paralysed by Grinder for 3 turns
  5567 | D:5      | Paralysed by Grinder for 3 turns
  5596 | D:5      | Paralysed by Grinder for 7 turns
  6003 | D:5      | Noticed Ijyb
  6057 | D:5      | Paralysed by Ijyb for 3 turns
  6066 | D:5      | Killed Ijyb
  6434 | D:4      | Reached skill level 5 in Spellcasting
  6571 | D:5      | Paralysed by Grinder for 2 turns
  6601 | D:5      | Killed Grinder
  6601 | D:5      | Your scales start taking on a pale cyan-grey colour.
  6601 | D:5      | Reached XP level 7. HP: 31/50 MP: 4/14
  6853 | D:5      | Reached skill level 7 in Summonings
  8735 | D:6      | Reached XP level 8. HP: 57/57 MP: 3/17
  9191 | D:6      | Learned a level 4 spell: Summon Ice Beast
  9996 | D:7      | Reached skill level 8 in Summonings
 10202 | D:7      | Found a staircase to the Ecumenical Temple.
 10535 | D:7      | Noticed Dowan
 10554 | D:7      | Noticed Duvessa
 10561 | D:7      | Killed Duvessa
 10573 | D:7      | Killed Dowan
 10673 | D:7      | Found a glowing golden altar of the Shining One.
 10887 | Temple   | Entered the Ecumenical Temple
 10959 | Temple   | Became a worshipper of Vehumet
 11047 | D:8      | Noticed Harold
 11237 | D:8      | Noticed Grum
 11455 | D:8      | Reached skill level 9 in Summonings
 11569 | D:7      | Killed from afar by Harold

Skill      XL: |  1  2  3  4  5  6  7  8 |
---------------+-------------------------+-----
Spellcasting   | 3 4 5 6 7 |  7.5
Summonings     | 5 6 7 9 |  9.0
Dodging        | |  1.7
Stealth        | |  1.7

Action                   |  1- 3 |  4- 6 |  7- 9 || total
-------------------------+-------+-------+-------++-------
Melee: Dagger            |    92 |    27 |       ||   119
       Unarmed           |     3 |       |       ||     3
       Tailslap          |     6 |     9 |    30 ||    45
       Trident           |       |   112 |   215 ||   327
       Staff             |       |    32 |       ||    32
 Cast: Summon Small Mamm |    12 |       |       ||    12
       Call Imp          |    14 |    22 |    32 ||    68
       Call Canine Famil |       |    48 |    50 ||    98
       Summon Guardian G |       |     4 |    15 ||    19
       Summon Ice Beast  |       |       |    21 ||    21
 Abil: Breathe Steam     |       |       |     2 ||     2
Evoke: Wand              |       |       |     1 ||     1
  Use: Scroll            |     1 |     6 |     4 ||    11
       Potion            |       |     3 |     1 ||     4
 Stab: Sleeping          |       |     2 |       ||     2
       Distracted        |       |     6 |     1 ||     7
  Eat: Chunk             |     4 |    13 |     8 ||    25
       Ration            |       |     2 |     4 ||     6
Armor: Skin              |    22 |    46 |    21 ||    89
Dodge: Dodged            |    66 |    91 |    41 ||   198
